 Dungeon Crawl Stone Soup version 0.26.0-45-g9c1d065592 (webtiles) character file.

Game seed: 13830642232337810258

379 kreisler the Covert (level 6, -9/41 HPs)
             Began as an Octopode Brigand on Jan 30, 2021.
             Mangled by an ogre
             ... wielding a +0 giant club
              (23 damage)
             ... on level 4 of the Dungeon.
             The game lasted 00:09:43 (3954 turns).

kreisler the Covert (Octopode Brigand)              Turns: 3954, Time: 00:09:45

Health: -9/41      AC:  1    Str: 10 (11) XL:     6   Next: 74%
Magic:  6/6        EV: 14    Int: 13      God:
Gold:   154        SH:  5    Dex: 21      Spells: 5/5 levels left

rFire    . . .     SeeInvis .   a - +3 dagger
rCold    . . .     Faith    .   (no shield)
rNeg     + . .     Spirit   .   (helmet restricted)
rPois    +         Reflect  +   g - amulet of reflection
rElec    .         Harm     .   n - ring of positive energy
rCorr    .         Rampage  .   t - +6 ring of dexterity
Will     .....                  (no ring)
Stlth    +++++.....             (no ring)
HPRegen  0.13/turn              (no ring)
MPRegen  0.10/turn              (no ring)
                                (no ring)
                                (no ring)

@: no status effects
A: almost no armour, stealthy swim, amphibious, 8 rings, constrict 8, antennae
2, camouflage 1, deterioration 1, poison resistance, gelatinous body 1
a: no special abilities


You were on level 4 of the Dungeon.
You visited 1 branch of the dungeon, and saw 4 of its levels.

You collected 154 gold pieces.

Inventory:

Hand Weapons
 a - a +3 dagger (weapon)
Missiles
 b - 8 poisoned darts (quivered)
 c - 2 curare-tipped darts
 m - 7 atropa-tipped darts
Jewellery
 f - a cursed amulet of inaccuracy
 g - an amulet of reflection (around mantle)
 n - a ring of positive energy (left tentacle)
 o - a cursed -4 ring of slaying
 t - a +6 ring of dexterity (right tentacle)
Wands
 e - a wand of digging (6)
 l - a wand of enslavement (8)
 p - a wand of random effects (26)
Scrolls
 i - 2 scrolls of fear {unknown}
 k - a scroll of magic mapping
Potions
 d - 2 potions of resistance
 h - a potion of haste
 j - 2 potions of attraction


   Skills:
 + Level 2.8 Fighting
 + Level 3.7 Short Blades
 + Level 2.1 Throwing
 + Level 2.5 Dodging
 + Level 8.4 Stealth
 + Level 0.9 Shields


You had 5 spell levels left.
You didn't know any spells.
Your spell library was empty.

Dungeon Overview and Level Annotations

Branches:
Dungeon (4/15)             Temple (0/1) D:4

Altars:
Wu Jian
Xom


Innate Abilities, Weirdness & Mutations

You cannot wear most types of armour.
You are very stealthy in the water. (Stealth+)
You are amphibious.
You can wear up to eight rings at the same time.
You can use your tentacles to constrict eight enemies at once.
Your skin changes colour to match your surroundings (Stealth+).
Your rubbery body absorbs attacks. (AC +1, EV +1)
You have a pair of antennae on your head.
Your body sometimes deteriorates upon taking damage.
Your system is resistant to poisons. (rPois)


Message History

Found a dagger.
You hit the ogre. You squeeze the ogre.
The ogre is heavily wounded.
The quokka bites you.
You hit the ogre. You squeeze the ogre.
The ogre is heavily wounded.
The ogre hits you with a +0 giant club. The quokka barely misses you.
You hit the ogre.
The ogre is severely wounded.
The ogre hits you with a +0 giant club!!
Your body deteriorates!
You feel weakened.
You hit the ogre. Your squeeze misses the ogre.
The ogre is almost dead.
The quokka barely misses you.
You barely miss the ogre.
The ogre is almost dead.
The quokka bites you.
The ogre hits you with a +0 giant club!!
Ouch! That really hurt!
You die...

#.#### #.#
#....###.#
#........# ##
####.##### .. #.# .#
# #.# ##.###.# #.#
#......## ####.#
#O....... # #.##.#
#@....... #
#..#.#######r....###
#
#...#...............
#
#..###.######.....##
# #.## ##.# .......
..##.###.## ####.##
... ##.#.## )# #..#
#..## # ...# #.##


You could see an ogre and a quokka.

Vanquished Creatures
  Grinder (D:3)
  Terence (D:3)
  6 adders
  An ooze (D:1)
  3 worms
  2 dart slugs
  2 leopard geckos
  An orc (D:3)
  3 giant cockroaches
  9 goblins
  8 hobgoblins
  6 jackals
  2 quokkas (D:4)
  A ball python (D:1)
  12 bats
  4 frilled lizards
  10 kobolds
  6 rats
78 creatures vanquished.

Notes
Turn   | Place    | Note
-------+----------+-------------------------------------------
     0 | D:1      | kreisler the Octopode Brigand began the quest for the Orb.
     0 | D:1      | Reached XP level 1. HP: 14/14 MP: 1/1
   137 | D:1      | Reached XP level 2. HP: 15/19 MP: 2/2
   233 | D:1      | Reached skill level 6 in Stealth
   479 | D:1      | Reached XP level 3. HP: 18/24 MP: 3/3
  1079 | D:2      | Found an ornate altar of the Wu Jian Council.
  1313 | D:2      | Found a shimmering altar of Xom.
  1317 | D:2      | Found a shimmering altar of Xom.
  1317 | D:2      | Found a shimmering altar of Xom.
  1364 | D:2      | Found a shimmering altar of Xom.
  1368 | D:2      | Found a shimmering altar of Xom.
  1443 | D:2      | Reached skill level 7 in Stealth
  1636 | D:2      | Reached XP level 4. HP: 7/29 MP: 4/4
  2725 | D:3      | Noticed Terence
  2737 | D:3      | Killed Terence
  2738 | D:3      | Reached XP level 5. HP: 35/35 MP: 5/5
  2949 | D:3      | Noticed Grinder
  2968 | D:3      | Killed Grinder
  2969 | D:3      | Reached skill level 8 in Stealth
  2969 | D:3      | Reached XP level 6. HP: 7/41 MP: 6/6
  3743 | D:3      | Gained mutation: You have a pair of small antennae on your
                  | head. [potion of mutation]
  3743 | D:3      | Gained mutation: You have a pair of antennae on your head.
                  | [potion of mutation]
  3743 | D:3      | Gained mutation: Your body sometimes deteriorates upon
                  | taking damage. [potion of mutation]
  3743 | D:3      | Gained mutation: Your system is resistant to poisons.
                  | (rPois) [potion of mutation]
  3848 | D:4      | Found a staircase to the Ecumenical Temple.
  3954 | D:4      | Mangled by an ogre

Illustrated notes

Levels and vault maps discovered:
D:1:      evilmike_arrival_hilbert_curve, layout_basic, minmay_pentomino_v4
D:2:      layout_loops_corners, xom_redecorated, nzn_wu_jian_contemplation,
          serial_park_tiny_pond
D:3:      layout_loops_corners, uniq_grinder, uniq_terence
D:4:      layout_loops_corners, lemuel_blue_sif_altar, temple_pool_b,
          st_stairs_10, uniq_eustachio, uniq_crazy_yiuf_cottage

Skill      XL: |  1  2  3  4  5 |
---------------+----------------+-----
Stealth        | 6 7 8 |  8.4
Short Blades   | 3 |  3.7
Dodging        | 2 |  2.5
Fighting       | |  2.8
Throwing       | |  2.1
Shields        | |  0.9

Action                   |  1- 3 |  4- 6 || total
-------------------------+-------+-------++-------
Melee: Dagger            |    76 |   100 ||   176
       Constrict         |    10 |    17 ||    27
       Tentacles         |     9 |    13 ||    22
Throw: Dart              |       |     4 ||     4
  Use: Scroll            |     6 |     8 ||    14
       Potion            |     2 |     8 ||    10
 Stab: Sleeping          |    13 |    12 ||    25
Armor: Skin              |     6 |     4 ||    10
Dodge: Dodged            |    47 |    46 ||    93
Block: Other             |     6 |    15 ||    21
